Map: World of Sleepers LE

Players

ViBE - Winner!

  • Race: Zerg Zerg
  • League: Platinum
  • Spawn Location: 1:00

Illlllllllll

  • Race: Terran Terran
  • League: Platinum
  • Spawn Location: 7:00

VOD

Have the link to the VOD?

Description

Time

  • Played on: Dec. 12, 2019, 7:58 p.m.
  • Length: 17:23
Show
View Real Time Build Order
Export as new Build Order

ViBE Zerg - Winner!

Build Orders: Hatch First, Brood Lord Corruptor, Roach Hydra 

Get SALT Encoding   

  12  0:02  Drone  
  13  0:13  Overlord  
  13  0:18  Drone  
  14  0:32  Drone  
  14  0:33  Drone  
  16  0:38  Drone  
  17  0:53  Hatchery  
  16  1:00  Drone x2  
  18  1:16  Spawning Pool  
  18  1:17  Drone  
  18  1:22  Drone  
  19  1:29  Drone  
  19  1:32  Extractor  
  19  1:44  Drone  
  20  1:51  Drone  
  21  2:05  Queen  
  21  2:06  Zergling x2, Queen  
  21  2:07  Zergling x2  
  27  2:14  Overlord  
  27  2:17  Drone  
  28  2:25  Overlord  
  28  2:35  Drone x2  
  30  2:40  Drone  
  30  2:43  Lair  
  30  2:44  Queen  
  31  2:48  Drone  
  31  2:49  Drone  
  35  2:54  Drone  
  36  2:59  Drone  
  37  3:06  Hatchery  
  36  3:13  Drone x2  
  36  3:14  Overlord  
  36  3:17  Drone  
  36  3:18  Drone  
  40  3:21  Drone  
  40  3:23  Drone  
  40  3:24  Drone  
  43  3:31  Drone  
  43  3:33  Drone  
  43  3:34  Drone x2  
  47  3:42  Roach Warren  
  47  3:45  Drone x2  
  47  3:46  Evolution Chamber  
  47  3:50  Evolution Chamber  
  46  3:56  Drone x5  
  46  4:01  Extractor x2  
  49  4:08  Overlord  
  49  4:12  Overlord  
  49  4:15  Drone  
  50  4:23  Roach x4  
  58  4:25  Overlord x2  
  58  4:27  Glial Reconstitution  
  58  4:32  Zerg Missile Weapons Level 1  
  58  4:36  Roach x2  
  58  4:37  Roach  
  64  4:42  Drone x3  
  67  4:48  Drone  
  67  4:50  Drone  
  65  4:55  Drone x2  
  65  5:01  Drone x7  
  65  5:06  Overseer  
  70  5:08  Drone  
  70  5:09  Drone  
  72  5:25  Hatchery  
  72  5:27  Drone x7  
  78  5:34  Drone x8  
  86  5:44  Extractor  
  86  5:46  Overlord  
  86  5:47  Hydralisk Den, Overlord x2  
  84  5:56  Overlord  
  84  5:57  Overlord x2  
  84  5:59  Overlord  
  84  6:04  Queen  
  86  6:13  Roach x4  
  86  6:16  Drone  
  86  6:17  Drone  
  96  6:21  Drone x3  
  96  6:22  Drone x4  
  103  6:27  Burrow  
  103  6:30  Extractor  
  103  6:31  Hatchery  
  101  6:42  Drone x7  
  101  6:47  Extractor x2, Zerg Missile Weapons Level 2  
  107  6:49  Grooved Spines  
  107  6:51  Hydralisk x4  
  107  6:53  Infestation Pit  
  113  7:13  Hydralisk  
  113  7:14  Hydralisk x9  
  131  7:26  Hydralisk x4  
  131  7:28  Overlord x4  
  139  7:38  Drone x3  
  139  7:40  Drone  
  143  7:44  Hydralisk x3  
  143  7:46  Hydralisk x2  
  143  7:47  Hydralisk x3  
  143  7:48  Extractor  
  158  7:55  Hive  
  156  8:00  Muscular Augments  
  156  8:03  Overlord x3  
  148  8:11  Hydralisk x6  
  148  8:12  Hydralisk  
  162  8:25  Hydralisk x2  
  162  8:26  Hydralisk x4  
  174  8:38  Lurker Den, Drone  
  174  8:46  Drone  
  175  8:51  Hatchery  
  174  9:12  Hydralisk x11  
  174  9:13  Hydralisk x2  
  200  9:29  Spire  
  200  9:31  Zerg Missile Weapons Level 3  
  199  9:38  Drone  
  198  10:05  Adaptive Talons  
  198  10:06  Hydralisk  
  136  10:45  Greater Spire  
  136  11:02  Seismic Spines  
  136  11:13  Corruptor x10  
  136  11:14  Corruptor x2  
  160  11:21  Metabolic Boost  
  160  11:28  Zerg Melee Weapons Level 1  
  160  12:03  Brood Lord x2  
  160  12:04  Brood Lord x7  
  160  12:07  Extractor x2  
  176  12:09  Brood Lord  
  179  12:22  Drone  
  179  12:26  Spore Crawler, Spine Crawler, Drone  
  179  12:27  Drone x2  
  179  12:29  Spore Crawler, Hatchery  
  178  12:30  Spine Crawler x2, Drone x2  
  178  12:31  Drone  
  178  12:34  Spine Crawler  
  178  12:35  Spore Crawler, Spine Crawler  
  176  12:37  Spore Crawler  
  176  12:38  Drone x2  
  176  12:39  Spine Crawler x2, Drone  
  176  12:40  Brood Lord x2, Adrenal Glands  
  180  12:48  Overseer x4  
  180  12:50  Pneumatized Carapace  
  180  12:53  Zerg Flyer Weapons Level 1  
  172  13:13  Hydralisk x2  
  172  13:14  Hydralisk x17  
  172  13:15  Hydralisk  
  172  13:17  Hydralisk  
  172  13:18  Hydralisk  
  190  13:21  Hydralisk  
  190  13:23  Zergling x2  
  190  13:24  Zergling x22  
  200  13:56  Spine Crawler  
  200  13:59  Spore Crawler  
  200  14:00  Spine Crawler  
  200  14:01  Spine Crawler  
  196  14:03  Spore Crawler  
  196  14:04  Spine Crawler x2, Drone  
  194  14:14  Drone x6  
  194  14:15  Drone  
  200  14:20  Spore Crawler  
  200  14:21  Spine Crawler  
  200  14:22  Extractor, Spine Crawler  
  200  14:24  Extractor  
  146  15:14  Hydralisk x2  
  146  15:15  Hydralisk x12  
  146  15:16  Zergling x14  
  157  15:37  Hatchery  
  157  15:38  Hatchery  
  157  15:39  Drone x4  
  157  15:40  Hatchery  
  157  15:41  Hatchery  
  157  15:42  Drone x5  
  162  15:43  Hatchery, Drone x4  
  145  16:29  Hydralisk x15  
  145  16:30  Hydralisk x2  
  145  16:31  Hydralisk x2  
  145  16:32  Hydralisk  
  183  16:36  Lurker x6  
  183  16:37  Lurker x9  
  200  17:06  Hatchery  
Show
View Real Time Build Order
Export as new Build Order

Illlllllllll Terran 

Build Orders: 2 Factory, Gas First Reaper Expand, Hellion Opening 

Get SALT Encoding   

  12  0:01  SCV  
  13  0:13  SCV  
  14  0:17  Supply Depot  
  14  0:25  SCV  
  14  0:27  Refinery  
  15  0:39  SCV  
  16  0:45  Barracks  
  16  0:51  SCV  
  17  1:03  SCV  
  18  1:15  SCV  
  19  1:32  Reaper, Orbital Command  
  20  1:45  Command Center  
  20  1:55  Factory  
  20  1:59  SCV  
  21  2:10  Barracks Reactor  
  21  2:11  SCV  
  22  2:21  Supply Depot  
  22  2:23  SCV  
  23  2:53  Hellion x2  
  23  2:55  Barracks Tech Lab  
  23  2:58  Orbital Command  
  27  2:59  SCV  
  28  3:11  SCV  
  29  3:16  Refinery, Hellion x2  
  33  3:23  SCV  
  33  3:25  Factory  
  33  3:26  SCV  
  35  3:32  Refinery  
  35  3:36  SCV  
  35  3:38  SCV  
  37  3:48  SCV, Hellion x2  
  42  3:50  SCV  
  43  3:55  Armory  
  43  4:00  SCV  
  43  4:02  SCV  
  45  4:03  Refinery  
  45  4:11  Mag-Field Accelerator  
  45  4:18  Cyclone  
  45  4:20  Supply Depot x2  
  45  4:21  Supply Depot  
  45  4:23  SCV x2  
  50  4:35  SCV x2  
  50  4:36  Hellion  
  54  4:40  Supply Depot  
  54  4:42  Hellion  
  47  5:00  Hellion  
  47  5:05  SCV x2  
  47  5:13  Cyclone  
  50  5:16  Hellion  
  50  5:17  SCV x2  
  50  5:20  Command Center  
  54  5:29  SCV x2  
  54  5:30  Terran Vehicle And Ship Armor Level 1  
  54  5:34  Barracks Tech Lab  
  56  5:37  Hellion  
  58  5:45  Cyclone  
  58  5:49  Factory  
  61  5:51  Infernal Pre-Igniter  
  61  5:55  Hellion  
  63  5:57  SCV x2  
  65  6:04  Supply Depot  
  65  6:06  Armory  
  65  6:09  SCV x2  
  67  6:13  Engineering Bay  
  67  6:17  Cyclone  
  74  6:18  Hellion x2  
  74  6:21  SCV  
  75  6:34  SCV x2, Refinery  
  75  6:35  Refinery  
  75  6:39  Planetary Fortress  
  77  6:46  SCV x2  
  79  6:49  Cyclone  
  82  6:55  Cyclone  
  82  6:57  Hellion  
  82  6:58  SCV, Hellion  
  90  7:08  SCV  
  91  7:10  SCV  
  91  7:11  Hellion x8  
  91  7:15  Terran Vehicle Weapons Level 1  
  91  7:17  SCV  
  91  7:20  SCV  
  91  7:21  Cyclone  
  96  7:23  SCV  
  96  7:29  SCV  
  98  7:32  SCV  
  98  7:37  Command Center  
  99  7:41  Cyclone  
  99  7:42  SCV, Hellion x2  
  99  7:43  SCV  
  108  7:44  SCV  
  109  7:54  Cyclone  
  109  7:57  SCV  
  105  8:03  Hellion  
  86  8:10  SCV x3  
  86  8:13  Cyclone, Hellion  
  91  8:20  Terran Vehicle And Ship Armor Level 2  
  91  8:24  Hellion  
  91  8:26  Cyclone  
  96  8:42  Barracks Tech Lab  
  96  8:43  Factory x2  
  96  8:45  Factory, Siege Tank  
  99  8:50  Planetary Fortress  
  99  8:53  SCV x3  
  99  8:54  Refinery  
  102  8:58  Siege Tank  
  102  9:00  Widow Mine x2  
  109  9:03  Drilling Claws  
  109  9:05  SCV x3  
  112  9:17  SCV x2, Siege Tank  
  112  9:21  Widow Mine  
  119  9:27  Factory Tech Lab  
  119  9:28  Factory Reactor  
  119  9:30  Siege Tank  
  122  9:41  Supply Depot  
  122  9:43  Supply Depot  
  122  9:44  Siege Tank  
  129  9:45  Widow Mine  
  129  9:46  Supply Depot, Widow Mine  
  129  9:47  Supply Depot  
  129  9:49  Siege Tank  
  132  10:03  Siege Tank  
  132  10:04  Siege Tank  
  132  10:06  Widow Mine x2  
  144  10:07  Widow Mine x2  
  144  10:10  Command Center  
  146  10:14  Supply Depot  
  146  10:15  Supply Depot  
  146  10:16  Supply Depot, Cyclone  
  146  10:17  Supply Depot  
  146  10:19  Supply Depot  
  149  10:21  Siege Tank  
  149  10:27  Widow Mine  
  138  10:35  Siege Tank  
  118  10:36  Siege Tank  
  119  10:46  Command Center  
  119  10:48  Siege Tank  
  122  10:50  Widow Mine x2  
  122  10:51  Widow Mine x2  
  122  10:52  Terran Vehicle And Ship Armor Level 3  
  122  10:53  Siege Tank  
  133  10:57  Terran Vehicle Weapons Level 2  
  133  11:07  Siege Tank  
  133  11:08  Siege Tank  
  133  11:11  Sensor Tower  
  139  11:12  Widow Mine  
  139  11:16  Widow Mine  
  139  11:17  Widow Mine  
  145  11:19  Sensor Tower  
  145  11:20  Widow Mine x2  
  149  11:26  Widow Mine  
  149  11:28  Orbital Command  
  149  11:30  SCV x3  
  154  11:37  Widow Mine x2  
  154  11:39  Siege Tank  
  161  11:40  Siege Tank  
  161  11:42  SCV  
  165  11:53  Command Center  
  165  11:58  Command Center  
  165  12:00  Command Center  
  165  12:08  Siege Tank x2  
  171  12:09  Widow Mine x4, Command Center  
  171  12:11  Siege Tank  
  171  12:13  Widow Mine  
  171  12:15  Orbital Command  
  184  12:18  Refinery  
  187  12:44  Thor  
  187  12:45  Thor x2  
  192  13:18  Thor  
  165  13:27  Thor x2  
  165  13:28  Thor  
  181  13:57  Orbital Command x4  
  181  14:00  Thor  
  187  14:03  Refinery  
  187  14:05  Refinery  
  186  14:10  Thor x2  
  198  14:59  Thor x2  
  157  15:09  Thor x2  
  95  15:42  Thor x2  
  107  15:50  Orbital Command  
  107  15:51  Command Center  
  107  15:52  Thor x2  
  119  16:06  Hellion  
  119  16:07  Hellion x3  
  113  16:24  Thor  
  113  16:25  Hellion  
  121  16:29  Hellion x2  
  121  16:30  Hellion x2  
  129  16:35  Thor x2  
  147  16:51  Hellion x3  
  155  16:54  Hellion  
  157  17:12  Refinery  
Tags
 
Add a new tag
Caveats
  • Supply blocks, unpowered buildings, or Contaminate may cause inaccurate times.
  • Supply counts are checked every 10 seconds.